 Dungeon Crawl Stone Soup version 0.29-a0-824-gd827844252 (webtiles) character file.

Game seed: 13601492871977228439

119 xian the Trooper (level 5, -2/42 HPs)
             Began as a Djinni Wanderer on July 11, 2022.
             Was an Initiate of Gozag.
             Slain by an orc
             ... wielding a +0 trident
              (6 damage)
             ... on level 3 of the Dungeon.
             The game lasted 00:07:37 (3804 turns).

xian the Trooper (Djinni Wanderer)                  Turns: 3804, Time: 00:07:37

Health: -2/42      AC:  7    Str: 13    XL:     5   Next: 23%
Gold:   175        EV: 11    Int: 13    God:    Gozag SH:  4 Dex: 13

rFire   + + .      SeeInvis .   g - +0 short sword
rCold   x . .      Faith    .   d - +0 buckler
rNeg    . . .      Spirit   .   e - +0 leather armour
rPois   ∞          Reflect  .   (no helmet)
rElec   .          Harm     .   k - +2 cloak
rCorr   .          Rampage  .   q - +0 pair of gloves
Will    .....                   (boots unavailable)
Stlth   +.........              (no amulet)
HPRegen 0.14/turn               s - ring of wizardry
MPRegen 0.00/turn               (no ring)

@: flying
A: sickness immunity, fire resistance 2, cold vulnerability 1, float, innate
caster, HP casting, extra vitality 1
a: Renounce Religion, Potion Petition, Call Merchant, Bribe Branch


You were on level 3 of the Dungeon.
You worshipped Gozag.
Gozag was aware of your devotion.
You visited 1 branch of the dungeon, and saw 3 of its levels.

You collected 216 gold pieces.
You paid 41 gold pieces to Gozag.

Inventory:

Hand Weapons
 g - a +0 short sword (weapon)
Missiles
 m - 9 poisoned darts
Armour
 d - a +0 buckler (worn)
 e - a +0 leather armour (worn)
 k - a +2 cloak (worn)
 q - a +0 pair of gloves (worn)
Jewellery
 s - a ring of wizardry (left hand)
 v - a ring of positive energy
Scrolls
 c - 3 scrolls of fog
 f - a scroll of fear
 h - a scroll of acquirement {unknown}
 n - a scroll of amnesia {unknown}
 p - 2 scrolls of identify {unknown}
 t - a scroll of magic mapping {unknown}
 u - a scroll of enchant armour {unknown}
 w - a scroll of enchant weapon {unknown}
Potions
 a - 2 potions of mutation {unknown}
 b - a potion of berserk rage
 i - 2 potions of degeneration {unknown}
 j - a potion of haste {unknown}
 l - a potion of flight {unknown}
 o - 2 potions of curing {unknown}
 r - a potion of cancellation {unknown}


   Skills:
 + Level 4.5 Fighting
 + Level 2.2 Short Blades
 + Level 0.1 Throwing
 + Level 1.8 Armour
 + Level 1.0 Dodging
 + Level 0.2 Stealth
 + Level 1.1 Shields
 + Level 4.2 Unarmed Combat
 + Level 0.5 Spellcasting


You had 2 spell levels left.
You knew the following spells:

 Your Spells              Type           Power      Damage    Failure   Level
a - Necrotise             Necr           4%         1d4       16%         1
b - Call Imp              Summ           1%         N/A       24%         2
Your spell library was empty.

Dungeon Overview and Level Annotations

Branches:
Dungeon (3/15)

Altars:
Gozag
Okawaru
Wu Jian


Innate Abilities, Weirdness & Mutations

You are immune to sickness and miasma.
You are immune to poison.
Your flesh is very heat resistant. (rF++)
You are vulnerable to cold. (rC-)
You float through the air rather than walking.
You learn spells naturally, not from books.
Your magical power is your life essence.
You have superior vitality. (+4 MHP)


Message History

The orc hits you from afar with a +0 trident.
The orc wizard closely misses you. The orc priest barely misses you.
You closely miss the orc wizard.
The orc wizard is moderately wounded.
The orc barely misses you. You block the orc's attack.
You block the orc wizard's attack. The orc priest closely misses you.
You barely miss the orc wizard.
The orc wizard is moderately wounded.
The orc completely misses you. The orc closely misses you.
The orc wizard gestures at you while chanting.
You are confused.
The orc priest hits you but does no damage.
The orc hits you but does no damage. The orc barely misses you.
The orc priest hits you but does no damage.
You're too confused to move!
The orc closely misses you. The orc hits you but does no damage.
The orc wizard mumbles some strange words.
The orc wizard flickers and vanishes!
Deactivating autopickup; reactivate with Ctrl-A.
The orc priest barely misses you.
You bump into the rock wall.
The orc barely misses you. The orc completely misses you.
You hear some strange, mumbled words.
A magic dart appears from out of thin air!
The magic dart hits you! The orc priest barely misses you.
The orc hits you but does no damage. The orc hits you with a +0 mace.
Something hits you but does no damage.
The orc priest looks braver for a moment.
You hit something.
You feel less confused. The orc closely misses you.
You hear some strange, mumbled words.
Something tries to affect you, but you resist.
Something hits you but does no damage. The orc hits you with a +0 trident.
The orc priest mumbles some strange prayers to Beogh against you.
Beogh smites you!
* * * LOW HITPOINT WARNING * * *
The orc hits you from afar with a +0 trident.
You die...
Your body crumbles into a pile of gold.

#.# ## ##### #.# #Z
##...## #.# ###
###.....# ##.####Z#
#.......###...#.###
#.#...............#
######.##...####...#.###
#.......##### ##.####
#.##...@# #.#
#.##.##.### #.#
#......oo.# ##'##
##....o..># ##...##
#.#.###..# ##.....##
#.#. ...# ##.......## #
# ..?# #...).....##
..... +.........'.
....###.........##


You could see an orc priest and 2 orcs.

Vanquished Creatures
  6 adders
  An ufetubus (D:3)
  A worm (D:3)
  4 ball pythons (D:1)
  4 endoplasms
  3 giant cockroaches
  5 goblins
  9 hobgoblins
  4 kobolds
  3 quokkas
  4 bats
  4 frilled lizards
  4 rats (D:1)
52 creatures vanquished.

Vanquished Creatures (collateral kills)
  2 goblins (D:3)
2 creatures vanquished.

Grand Total: 54 creatures vanquished

Notes
Turn   | Place    | Note
-------+----------+-------------------------------------------
     0 | D:1      | xian the Djinni Wanderer began the quest for the Orb.
     0 | D:1      | xian set off with the following items: a +0 club, a potion
                  | of berserk rage, 2 scrolls of fog, a +0 buckler, a +0
                  | leather armour, a scroll of fear.
     0 | D:1      | Reached XP level 1. HP: 21/21 MP: 0/0
    63 | D:1      | Reached XP level 2. HP: 19/26 MP: 0/0
   600 | D:1      | Reached XP level 3. HP: 16/31 MP: 0/0
   600 | D:1      | Learned a level 1 spell: Necrotise
  1708 | D:2      | Reached skill level 1 in Short Blades
  2147 | D:2      | Found a faded altar of an unknown god.
  2188 | D:3      | Reached XP level 4. HP: 37/38 MP: 0/0
  2416 | D:3      | Found an iron altar of Okawaru.
  2657 | D:3      | Found an opulent altar of Gozag.
  2820 | D:3      | Became a worshipper of Gozag Ym Sagoz the Greedy
  2961 | D:3      | Found an ornate altar of the Wu Jian Council.
  2968 | D:3      | Noticed a spectral centipede
  2968 | D:3      | Noticed a spectral black mamba
  2968 | D:3      | Noticed a spectral cane toad
  3070 | D:3      | Reached XP level 5. HP: 19/42 MP: 0/0
  3070 | D:3      | Learned a level 2 spell: Call Imp
  3690 | D:3      | Reached skill level 1 in Dodging
  3804 | D:3      | Slain by an orc

Illustrated notes

Levels and vault maps discovered:
D:1:      dpeg_arrival_another_circle, layout_loops_ring
D:2:      layout_rooms, shapermc_ecumenical_altar_hornbeckon,
          kennysheep_cross_room, minmay_misc_feat_enclosed,
          palyth_stone_intersect, bh_walls_and_bars
D:3:      layout_loops_corners, nicolae_gozag_seed_capital,
          pdpol_wu_jian_five_deadly_venoms, kennysheep_okawaru_gauntlet

Skill      XL: |  1  2  3  4  5 |
---------------+----------------+-----
Short Blades   | 1 2 |  2.2
Dodging        | 1 |  1.0
Fighting       | |  4.5
Throwing       | |  0.1
Armour         | |  1.8
Stealth        | |  0.2
Shields        | |  1.1
Unarmed Combat | |  4.2
Spellcasting   | |  0.5

Action                   |  1- 3 |  4- 6 || total
-------------------------+-------+-------++-------
Melee: Short sword       |   107 |   124 ||   231
       Club              |     5 |       ||     5
Throw: Dart              |     3 |       ||     3
 Cast: Necrotise         |     4 |    17 ||    21
       Call Imp          |       |     1 ||     1
 Stab: Sleeping          |       |     1 ||     1
Armor: Leather armour    |    68 |    60 ||   128
Dodge: Dodged            |    76 |    88 ||   164
Block: Buckler           |    33 |    28 ||    61

Table legend: (Time is in decaauts)
 A = Elapsed time spent in this place.
 B = Non-inter-level travel time spent in this place.
 C = Inter-level travel time spent in this place.
 D = Time resting spent in this place.
 E = Time spent auto-exploring this place.
 F = Levels seen in this place.
 G = Mean time per level.
                   A        B        C        D        E       F      G
               +--------+--------+--------+--------+--------+-----+--------+
         Total |   3825 |   3707 |    118 |      0 |   2945 |   3 | 1275.0 |
       Dungeon |   3825 |   3707 |    118 |      0 |   2945 |   3 | 1275.0 |
               +--------+--------+--------+--------+--------+-----+--------+

Top non-repeatable levels by time:
     D:3: 1633 daAuts
     D:1: 1315 daAuts
     D:2: 876 daAuts
